[Event "FTX Crypto Cup Prelims 2021"]
[Site "Chess24"]
[Date "2021.05.18"]
[Round "2.8"]
[White "Svidler, Peter"]
[Black "Caruana, Fabiano"]
[Result "0-1"]
[ECO "C54"]
[WhiteElo "2742"]
[BlackElo "2773"]
[Annotator "ChessBase"]
[PlyCount "68"]
[EventDate "2021.05.23"]
[EventType "tourn"]
[EventCountry "NET"]
[Tiebreak "Koya+Number of black wins+Number of wins"]
[SourceTitle "playchess.com"]
[Source "ChessBase"]
[SourceQuality "1"]
[TimeControl "900+10"]

1. e4 e5 2. Nf3 Nc6 3. Bc4 Nf6 4. d3 Bc5 5. c3 h6 6. O-O d6 7. Re1 O-O 8. Nbd2 Bb6 9. h3 Ne7 10. a4 a5 11. Bb3 c6 12. d4 Ng6 13.
Nf1 d5 14. Ng3 Nxe4 15. Nxe4 dxe4 16. Rxe4 Bf5 17. Re1 e4 18. Nd2 Qh4 19. Re3 Rae8 20. Nf1 Bc7 21. Ng3 Bd7 22. Qc2 Bf4 23. Re2 Bxg3 24. fxg3 Qxg3 25. Re3 Qh4 26. Bd2 Kh7 27. Be1 Qg5 28. Rg3 Qe7 29. Bd2 f5 30. Rf1 Qd6 31. Re3 f4 32. Rxe4 Bf5 33. Rfe1 Rxe4 34. Rxe4 f3 0-1

[Event "FTX Crypto Cup Prelims 2021"]
[Site "Chess24"]
[Date "2021.05.18"]
[Round "4.6"]
[White "Firouzja, Alireza"]
[Black "Nepomniachtchi, Ian"]
[Result "1/2-1/2"]
[ECO "D85"]
[WhiteElo "2703"]
[BlackElo "2778"]
[Annotator "RC"]
[PlyCount "179"]
[EventDate "2021.05.23"]
[EventType "tourn"]
[EventCountry "NET"]
[Tiebreak "Koya+Number of black wins+Number of wins"]
[SourceTitle "playchess.com"]
[Source "ChessBase"]
[SourceQuality "1"]
[TimeControl "900+10"]

1. d4 Nf6 2. c4 g6 3. Nc3 d5 4. cxd5 Nxd5 5. e4 Nxc3 6. bxc3 Bg7 7. Be3 c5 8. Rc1 Qa5 9. Qd2 O-O 10. Nf3 Bg4 11. Ng5 h6 12. h3 Bd7 13.
Nf3 cxd4 14. cxd4 Qxd2+ 15. Bxd2 e6 16. h4 Nc6 17. e5 Rfd8 18.
Bd3 Be8 19. Be3 Rac8 20. Kd2 Nb4 21. Be4 Bc6 22. Bxc6 Nxc6 23. Rc3 Bf8 24. a3 Rd5 25. Rb1 Rc7 26. g4 Ra5 27. Rbb3 Rd7 28.
Ke2 Kg7 29. Rd3 Ra4 30. Rbc3 Be7 31. Kd1 Bd8 32. Kc2 Bb6 33. Kb3 Ra5 34. Kc2 Rad5 35. Rc4 Rc7 36. Kd2 Rb5 37. Ke2 Rd7 38. Rc2 Rbd5 39. Rc4 a6 40. Kd2 Ba7 41. Ke2 Rd8 42. Kd2 Na5 43. Rcc3 b5 44. Ke2 Nc4 45. a4 Nb2 46. Rd2 Nxa4 47. Rc6 a5 48.
Ra2 Rb8 49. Kd3 Bb6 50. Ke4 Rb7 51. h5 g5 52. Ne1 Rc7 53.
Rxc7 Bxc7 54. Bd2 Bb6 55. Nc2 Rd7 56. Ra3 Rd8 57. f4 gxf4 58.
Bxf4 Rc8 59. g5 hxg5 60. Bxg5 Rxc2 61. Rg3 Rh2 62. Bf6+ Kf8 63. h6 b4 64. Rg4 Nc3+ 65. Kf3 Nd5 66. Bh4 Bxd4 67. h7 Rxh4 68. Rxh4 Bxe5 69. h8=Q+ Bxh8 70. Rxh8+ Ke7 71. Ra8 Kd6 72. Rxa5 f5 73. Ke2 Ke5 74. Kd3 f4 75. Ra8 Ne7 76. Rb8 Nc6 77. Rb5+ Kd6 78. Ke4 e5 79. Rd5+ Ke6 80. Rb5 Kd6 81. Rd5+ Kc7 82. Rb5 f3 83. Ke3 Kd6 84. Kf2 e4 85. Ke3 Ne7 86. Rxb4 Nd5+ 87. Kxe4 f2 88. Rb1 Nc3+ 89. Kf3 Nxb1 90. Kxf2 1/2-1/2

[Event "FTX Crypto Cup Prelims 2021"]
[Site "Chess24"]
[Date "2021.05.18"]
[Round "6.6"]
[White "Svidler, Peter"]
[Black "So, Wesley"]
[Result "1/2-1/2"]
[ECO "A13"]
[WhiteElo "2742"]
[BlackElo "2741"]
[Annotator "RC"]
[PlyCount "81"]
[EventDate "2021.05.23"]
[EventType "tourn"]
[EventCountry "NET"]
[Tiebreak "Koya+Number of black wins+Number of wins"]
[SourceTitle "playchess.com"]
[Source "ChessBase"]
[SourceQuality "1"]
[TimeControl "900+10"]

1. Nf3 d5 2. c4 e6 3. e3 Nf6 4. b3 Bd6 5. Bb2 O-O 6. Be2 c5 7. O-O b6 8. cxd5 Nxd5 9. d4 Bb7 10. Nbd2 Nd7 11. Nc4 Be7 12. Rc1 Rc8 13. dxc5 Nxc5 14. Nd4 Bf6 15. Bf3 Ba6 16. Qd2 Qd7 17. Rfd1 Rfd8 18. Nf5 exf5 19. Bxd5 Qe7 20. Bxf6 Qxf6 21. Qd4 Qxd4 22. Rxd4 Bxc4 23.
Bxc4 Rxd4 24. exd4 Ne6 25. d5 Nc5 26. Bb5 Rd8 27. b4 Ne4 28.
Rc7 g6 29. Bc6 Nc3 30. Rxa7 Nxd5 31. Bxd5 Rxd5 32. g3 f4 33. gxf4 Rd4 34. b5 Rb4 35. a4 Rxf4 36. Ra6 h5 37. Rxb6 Rxa4 38. Rc6 Rb4 39. b6 h4 40. Kg2 Rb3 41. h3 1/2-1/2

[Event "FTX Crypto Cup Prelims 2021"]
[Site "Chess24"]
[Date "2021.05.18"]
[Round "9.6"]
[White "Ding, Liren"]
[Black "Firouzja, Alireza"]
[Result "1/2-1/2"]
[ECO "A90"]
[WhiteElo "2836"]
[BlackElo "2703"]
[Annotator "RC"]
[PlyCount "76"]
[EventDate "2021.05.23"]
[EventType "tourn"]
[EventCountry "NET"]
[Tiebreak "Koya+Number of black wins+Number of wins"]
[SourceTitle "playchess.com"]
[Source "ChessBase"]
[SourceQuality "1"]
[TimeControl "900+10"]

1. d4 f5 2. g3 Nf6 3. Bg2 e6 4. Nf3 d5 5. c4 c6 6. Bf4 Be7 7. O-O O-O 8. Nbd2 Ne4 9. Rc1 Nd7 10. Nxe4 fxe4 11. Ne5 Bg5 12. Bxg5 Qxg5 13. f4 Qe7 14. Qb3 Nxe5 15. fxe5 Rxf1+ 16. Bxf1 a5 17. e3 Qb4 18. Qc2 Qe7 19. Be2 Bd7 20. c5 Qg5 21. Qd2 Be8 22. Rf1 Bh5 23. Bxh5 Qxh5 24. Qf2 a4 25. Kg2 h6 26. h3 Rb8 27. g4 Qg6 28. Kg3 Qe8 29. Qc2 Ra8 30.
Qd2 Qe7 31. h4 Rf8 32. Rxf8+ Qxf8 33. Qf2 Qd8 34. h5 Qe7 35. Qc2 Qf8 36. Qf2 Qe7 37. Qc2 Qf8 38. Qf2 Qe7 1/2-1/2

[Event "FTX Crypto Cup Prelims 2021"]
[Site "Chess24"]
[Date "2021.05.18"]
[Round "9.7"]
[White "Grischuk, Alexander"]
[Black "Nakamura, Hikaru"]
[Result "1/2-1/2"]
[ECO "C67"]
[WhiteElo "2784"]
[BlackElo "2829"]
[Annotator "ChessBase"]
[PlyCount "69"]
[EventDate "2021.05.23"]
[EventType "tourn"]
[EventCountry "NET"]
[Tiebreak "Koya+Number of black wins+Number of wins"]
[SourceTitle "playchess.com"]
[Source "ChessBase"]
[SourceQuality "1"]
[TimeControl "900+10"]

1. e4 e5 2. Nf3 Nc6 3. Bb5 Nf6 4. O-O Nxe4 5. d4 Nd6 6.
Bxc6 dxc6 7. dxe5 Nf5 8. Qxd8+ Kxd8 9. Nc3 Bd7 10. h3 h6 11. b3 b6 12. Bb2 Kc8 13. Rad1 a5 14. Rd3 Be7 15. Rfd1 Be6 16.
g4 Nh4 17. Nxh4 Bxh4 18. f4 g6 19. a4 Kb7 20. Ne2 c5 21. c4 h5 22. g5 Bf5 23. Re3 Rhd8 24. Rd5 Be1 25. Bc3 Bxc3 26. Nxc3 c6 27. Rxd8 Rxd8 28. Ne4 Rd1+ 29. Kg2 Kc7 30. Nd6 Be6 31. h4 Rd2+ 32. Kg3 Rd1 33. Kg2 Rd2+ 34. Kg3 Rd1 35. Kg2 1/2-1/2

[Event "FTX Crypto Cup Prelims 2021"]
[Site "Chess24"]
[Date "2021.05.18"]
[Round "10.3"]
[White "Firouzja, Alireza"]
[Black "Grischuk, Alexander"]
[Result "0-1"]
[ECO "B45"]
[WhiteElo "2703"]
[BlackElo "2784"]
[Annotator "ChessBase"]
[PlyCount "106"]
[EventDate "2021.05.23"]
[EventType "tourn"]
[EventCountry "NET"]
[Tiebreak "Koya+Number of black wins+Number of wins"]
[SourceTitle "playchess.com"]
[Source "ChessBase"]
[SourceQuality "1"]
[TimeControl "900+10"]

1. e4 c5 2. Nf3 e6 3. d4 cxd4 4. Nxd4 Nf6 5. Nc3 Nc6 6. Be2 Bb4 7. O-O Bxc3 8. bxc3 Nxe4 9. Qd3 d5 10. Ba3 Nd6 11. Qg3 Nxd4 12. cxd4 Nf5 13. Qh3 Bd7 14. Bd3 Qf6 15. Rab1 b6 16. Rfe1 Ne7 17. Bd6 Ng6 18. Qe3 Rd8 19. c3 Bc6 20. Ba3 Rd7 21. Qg3 Nf4 22. Bf1 Ng6 23. Bd3 Nf4 24. Bc2 g5 25. Bc1 h6 26. h4 Rg8 27. Bd2 Rc7 28.
Re3 Kd7 29. Rbe1 Kc8 30. Rf3 Qg7 31. Bc1 Bb5 32. Bd1 Nh5 33.
Qe5 gxh4 34. Qxg7 Nxg7 35. Bxh6 Nf5 36. Bf4 Rc6 37. Bc2 Nxd4 38. cxd4 Rxc2 39. Be5 f5 40. Bf6 Rg6 41. Bxh4 Rxa2 42. Rh3 Re2 43. Ra1 Kb7 44. Bg3 Rg7 45. Rh8 Rxg3 46. fxg3 a5 47. g4 fxg4 48. Rg8 Re4 49. Rd1 Bc4 50. Rg7+ Kc6 51. Rg8 a4 52. Ra8 Kb5 53. Kf2 Kb4 0-1

[Event "FTX Crypto Cup Prelims 2021"]
[Site "Chess24"]
[Date "2021.05.18"]
[Round "11.6"]
[White "Grischuk, Alexander"]
[Black "Svidler, Peter"]
[Result "1-0"]
[ECO "E73"]
[WhiteElo "2784"]
[BlackElo "2742"]
[Annotator "RC"]
[PlyCount "63"]
[EventDate "2021.05.23"]
[EventType "tourn"]
[EventCountry "NET"]
[Tiebreak "Koya+Number of black wins+Number of wins"]
[SourceTitle "playchess.com"]
[Source "ChessBase"]
[SourceQuality "1"]
[TimeControl "900+10"]

1. d4 Nf6 2. c4 g6 3. h4 Bg7 4. Nc3 O-O 5. e4 d6 6. Be2 h5 7. Nf3 c5 8. d5 e6 9. Bf4 Re8 10. Ng5 exd5 11. exd5 a6 12. O-O Nbd7 13. Bxd6 Qb6 14. Bf4 Qxb2 15. Rc1 b5 16. cxb5 axb5 17. Bxb5 Ra3 18. Qd2 Qb4 19. Bc6 Ng4 20. Nb5 Qxd2 21. Bxd2 Rxa2 22. Bf4 Ree2 23. Bg3 Ne3 24. Rfe1 Nf5 25. Rxe2 Rxe2 26. Na7 Nxg3 27. Nxc8 Bd4 28. Bxd7 Rxf2 29. Kh2 Be5 30. Re1 Ne2+ 31. Kh1 Bg3 32. Nh3 1-0

[Event "FTX Crypto Cup Prelims 2021"]
[Site "Chess24"]
[Date "2021.05.18"]
[Round "11.8"]
[White "Carlsen, Magnus"]
[Black "Nakamura, Hikaru"]
[Result "1/2-1/2"]
[ECO "C54"]
[WhiteElo "2881"]
[BlackElo "2829"]
[Annotator "RC"]
[PlyCount "102"]
[EventDate "2021.05.23"]
[EventType "tourn"]
[EventCountry "NET"]
[Tiebreak "Koya+Number of black wins+Number of wins"]
[SourceTitle "playchess.com"]
[Source "ChessBase"]
[SourceQuality "1"]
[TimeControl "900+10"]

1. e4 e5 2. Nf3 Nc6 3. Bc4 Bc5 4. c3 Nf6 5. d3 O-O 6. Nbd2 d5 7. exd5 Nxd5 8. Ne4 Be7 9. O-O Nb6 10. Bb3 Bf5 11. a4 a5 12. Be3 Kh8 13.
Re1 Bg6 14. Ng3 Nd7 15. d4 f5 16. d5 Ncb8 17. Bc1 f4 18. Ne4 Na6 19. Bc2 Re8 20. b3 Bf6 21. Ba3 Nb6 22. d6 c6 23. Qe2 Nd7 24. Rad1 Bh5 25.
b4 axb4 26. cxb4 Qb6 27. b5 cxb5 28. axb5 Nab8 29. Bb4 Nf8 30. Nc3 Qd8 31. Nd5 Ra2 32. Qc4 Rxc2 33. Qxc2 Bxf3 34. gxf3 Qd7 35. Nc7 Rd8 36. Qc4 Qh3 37. Rd3 Nbd7 38. Qf7 Bh4 39. Re2 Nf6 40. Bc3 Qf5 41. Rd1 Qh3 42. Rd3 Qf5 43. Red2 e4 44. Bxf6 Bxf6 45. Rd5 Qc8 46. b6 e3 47. d7 Nxd7 48. Rd1 e2 49. Re1 Ne5 50.
Rxe5 Bxe5 51. Kg2 Rf8 1/2-1/2

[Event "FTX Crypto Cup Prelims 2021"]
[Site "Chess24"]
[Date "2021.05.18"]
[Round "13.3"]
[White "Giri, Anish"]
[Black "Nepomniachtchi, Ian"]
[Result "1/2-1/2"]
[ECO "D85"]
[WhiteElo "2731"]
[BlackElo "2778"]
[Annotator "ChessBase"]
[PlyCount "72"]
[EventDate "2021.05.23"]
[EventType "tourn"]
[EventCountry "NET"]
[Tiebreak "Koya+Number of black wins+Number of wins"]
[SourceTitle "playchess.com"]
[Source "ChessBase"]
[SourceQuality "1"]
[TimeControl "900+10"]

1. d4 Nf6 2. c4 g6 3. Nc3 d5 4. cxd5 Nxd5 5. e4 Nxc3 6. bxc3 Bg7 7. Nf3 c5 8. Rb1 O-O 9. Be2 Nc6 10. d5 Ne5 11. Nxe5 Bxe5 12. Qd2 Qa5 13.
Rb3 e6 14. f4 Bg7 15. c4 Qd8 16. Bb2 Bxb2 17. Rxb2 e5 18. O-O Qd6 19. f5 gxf5 20. exf5 f6 21. Rb3 Bd7 22. Qh6 Rf7 23. Rxb7 Rg7 24. Bf3 Kh8 25. Be4 Rag8 26. Rxa7 Qb6 27. Ra3 Qb2 28. Rg3 Qd4+ 29. Kh1 Qxe4 30. Qxf6 Qxc4 31. Rb1 Be8 32. Rxg7 Rxg7 33. Qf8+ Rg8 34. Qf6+ Rg7 35. Qf8+ Rg8 36. Qf6+ Rg7 1/2-1/2

[Event "FTX Crypto Cup Prelims 2021"]
[Site "Chess24"]
[Date "2021.05.18"]
[Round "13.4"]
[White "Ding, Liren"]
[Black "Mamedyarov, Shakhriyar"]
[Result "1/2-1/2"]
[ECO "E01"]
[WhiteElo "2836"]
[BlackElo "2761"]
[Annotator "ChessBase"]
[PlyCount "125"]
[EventDate "2021.05.23"]
[EventType "tourn"]
[EventCountry "NET"]
[Tiebreak "Koya+Number of black wins+Number of wins"]
[SourceTitle "playchess.com"]
[Source "ChessBase"]
[SourceQuality "1"]
[TimeControl "900+10"]

1. d4 Nf6 2. c4 e6 3. g3 d5 4. Bg2 Bb4+ 5. Bd2 Bd6 6. Nf3 O-O 7. O-O dxc4 8.
Qc2 Nc6 9. Rd1 Re8 10. Qxc4 e5 11. d5 Nd4 12. Nc3 Nxf3+ 13. Bxf3 a6 14. a4 Rb8 15. e4 Qe7 16. Qe2 Bd7 17. Bg5 h6 18. Bxf6 Qxf6 19. Bg4 Bxg4 20. Qxg4 Bc5 21. Rd2 c6 22. Kg2 Bd4 23. Qf3 Qxf3+ 24. Kxf3 Bxc3 25. bxc3 cxd5 26. Rxd5 Rbc8 27. Ra3 Rc7 28. Ke3 f6 29. Rb3 Kf7 30. Kd3 Rec8 31. c4 Rxc4 32. Rxb7+ Kg6 33. Rdd7 Rc2 34. Rxg7+ Kh5 35. Rb3 Rxf2 36. Rb6 Rfc2 37. Rb3 Rxh2 38. Rb1 Rcc2 39. Rf1 Rcf2 40. Rxf2 Rxf2 41. a5 Ra2 42. g4+ Kh4 43. Rg6 Ra3+ 44. Ke2 Ra2+ 45. Kf3 Ra3+ 46. Ke2 Rxa5 47. Rxf6 Kg5 48. Re6 Ra2+ 49. Kd3 Ra3+ 50. Kc4 Kf4 51. Rxh6 Kxe4 52. Rh8 Kf4 53. Rg8 e4 54. g5 e3 55. g6 Kg5 56. g7 Kg6 57. Re8 Kxg7 58. Kb4 Kf7 59. Re4 Rd3 60. Kc4 Ra3 61. Kb4 Rd3 62. Kc4 Ra3 63. Kb4 1/2-1/2

[Event "FTX Crypto Cup Prelims 2021"]
[Site "Chess24"]
[Date "2021.05.18"]
[Round "13.6"]
[White "Dubov, Daniil"]
[Black "Caruana, Fabiano"]
[Result "0-1"]
[ECO "B48"]
[WhiteElo "2770"]
[BlackElo "2773"]
[Annotator "ChessBase"]
[PlyCount "70"]
[EventDate "2021.05.23"]
[EventType "tourn"]
[EventCountry "NET"]
[Tiebreak "Koya+Number of black wins+Number of wins"]
[SourceTitle "playchess.com"]
[Source "ChessBase"]
[SourceQuality "1"]
[TimeControl "900+10"]

1. e4 c5 2. Nf3 e6 3. d4 cxd4 4. Nxd4 Nc6 5. Nc3 Qc7 6. Be3 a6 7. f4 b5 8. e5 Bb7 9. Be2 Nxd4 10. Bxd4 Nh6 11. Bf3 Nf5 12. Bf2 Bb4 13. O-O Bxc3 14. bxc3 O-O 15. Bxb7 Qxb7 16. a4 Qc6 17. axb5 axb5 18. Qd3 Ra4 19. Rxa4 bxa4 20. c4 h5 21. c5 Rb8 22. Rd1 Ra8 23. Ra1 Ne7 24. h3 Qd5 25. Qe2 a3 26. c4 Qb7 27. Qxh5 Qb2 28.
Qd1 Nc6 29. h4 a2 30. h5 Rb8 31. Be1 Qb1 32. Bc3 Qxd1+ 33. Rxd1 Rb1 34. Rf1 Nb4 35. g4 Nd3 0-1

[Event "FTX Crypto Cup Prelims 2021"]
[Site "Chess24"]
[Date "2021.05.18"]
[Round "14.4"]
[White "Radjabov, Teimour"]
[Black "Dubov, Daniil"]
[Result "1/2-1/2"]
[ECO "D85"]
[WhiteElo "2758"]
[BlackElo "2770"]
[Annotator "ChessBase"]
[PlyCount "47"]
[EventDate "2021.05.23"]
[EventType "tourn"]
[EventCountry "NET"]
[Tiebreak "Koya+Number of black wins+Number of wins"]
[SourceTitle "playchess.com"]
[Source "ChessBase"]
[SourceQuality "1"]
[TimeControl "900+10"]

1. d4 Nf6 2. c4 g6 3. Nc3 d5 4. cxd5 Nxd5 5. e4 Nxc3 6. bxc3 Bg7 7. Be3 c5 8. Nf3 O-O 9. Be2 b6 10. Rc1 e6 11. O-O Bb7 12. dxc5 Nd7 13.
cxb6 axb6 14. Qc2 Qc7 15. Nd4 Nc5 16. f3 Be5 17. h3 Rfc8 18.
Rfd1 Ra5 19. Rb1 Rca8 20. Rb2 Na4 21. Rb3 Nc5 22. Rb2 Na4 23.
Rb3 Nc5 24. Rb2 1/2-1/2